 Dungeon Crawl Stone Soup version 0.28.0-53-g5a82cb258f (webtiles) character file.

Game seed: 3178693548429116653

1305 Gabide the Skirmisher (level 8, -4/67 HPs)
             Began as a Mummy Berserker on June 15, 2022.
             Was a Priest of Trog.
             Slain by a gnoll
             ... wielding a +0 halberd
              (9 damage)
             ... on level 6 of the Dungeon.
             The game lasted 00:15:39 (9338 turns).

Gabide the Skirmisher (Mummy Berserker)             Turns: 9338, Time: 00:15:40

Health: -4/67      AC:  9    Str: 29    XL:     8   Next: 31%
Magic:  8/8        EV: 13    Int:  6    God:    Trog [***...]
Gold:   325        SH:  0    Dex: 17    Spells: 7/7 levels left

rFire   x . .      SeeInvis .     - Unarmed
rCold   + . .      Faith    +   (no shield)
rNeg    + + +      Spirit   .   o - +0 ring mail
rPois   ∞          Reflect  .   (no helmet)
rElec   .          Harm     .   a - +1 cloak
rCorr   .          Rampage  .   q - +1 pair of gloves
Will    +....                   (no boots)
Stlth   +.........              m - amulet of faith
HPRegen 0.21/turn               c - +6 ring of strength
MPRegen 0.11/turn               k - +6 ring of dexterity

@: lit by a corona, about to teleport, glowing
A: cold resistance 1, negative energy resistance 3, torment resistance 2, heat
vulnerability 1, no potions
a: Renounce Religion, Trog's Hand


You were on level 6 of the Dungeon.
You worshipped Trog.
Trog was most pleased with you.
You visited 1 branch of the dungeon, and saw 6 of its levels.

You collected 325 gold pieces.

Inventory:

Hand Weapons
 j - a +0 long sword of distortion
Missiles
 h - 3 poisoned darts
 n - 4 javelins
Armour
 a - a +1 cloak (worn)
 l - a scarf of harm
 o - a +0 ring mail (worn)
 q - a +1 pair of gloves (worn)
Jewellery
 b - a +4 ring of protection
 c - a +6 ring of strength (left hand)
 d - a ring of flight
 k - a +6 ring of dexterity (right hand)
 m - an amulet of faith (around neck)
Wands
 e - a wand of flame (7) (quivered)
Scrolls
 f - a scroll of silence
 g - a scroll of holy word
 p - a scroll of noise
 r - a scroll of blinking


   Skills:
 * Level 7.1 Fighting
 - Level 1.5 Armour
 + Level 3.9 Dodging
 * Level 5.9 Unarmed Combat


You had 7 spell levels left.
You didn't know any spells.
Your spell library was empty.

Dungeon Overview and Level Annotations

Branches:
Dungeon (6/15)
 Temple: D:4-7

Altars:
Kikubaaqudgha
Trog


Innate Abilities, Weirdness & Mutations

You are immune to poison.
Your flesh is cold resistant. (rC+)
You are immune to negative energy. (rN+++)
You are immune to unholy pain and torment.
You are vulnerable to heat. (rF-)
You do not drink.


Message History

You can't drink.
Unknown command.
Your skin crawls.
You feel strong-willed. The gnoll hits you but does no damage.
The gnoll shaman completely misses you.
You hit the gnoll shaman.
The gnoll shaman is almost dead.
The gnoll hits you from afar with a +0 halberd.
The gnoll shaman barely misses you. The gnoll hits you but does no damage.
You punch the gnoll shaman!
You kill the gnoll shaman!
Trog accepts your kill.
The gnoll hits you from afar with a +0 halberd!
You hit the gnoll. You punch the gnoll.
The gnoll is heavily wounded.
The gnoll closely misses you. The gnoll hits you with a +0 whip.
You barely miss the gnoll.
The gnoll is heavily wounded.
You feel the effects of Trog's Hand fading.
The gnoll barely misses you.
The gnoll hits you from afar with a +0 halberd.
* * * LOW HITPOINT WARNING * * *
The gnoll hits you from afar with a +0 halberd!
* * * LOW HITPOINT WARNING * * *
The gnoll closely misses you.
You punch the gnoll!
You kill the gnoll!
Trog accepts your kill. The gnoll closely misses you.
Okay, then.
A howler monkey comes into view.
The gnoll misses you.
As you read the scroll of teleportation, it crumbles to dust.
You feel strangely unstable.
Your skin stops crawling.
You feel less strong-willed.
The howler monkey howls!
The gnoll hits you from afar with a +0 halberd!
* * * LOW HITPOINT WARNING * * *
The gnoll hits you from afar with a +0 halberd!
You die...

######### #.# ###
#.......###.######.##
#.#.................#####
####.#.#.#.##...#####......#
....)......))....# ######.#
#....#)#.##g..## #.#
#......g.###g## #.## ##.#..#.##
#.# #..# #.###......# #@# ##.#
#.......g### #'# #.# #######g##
... #.# #######..## .....
####.# ........g.. .......
##....# .####..#.#g
..h......####.....#
...........'.........+.......##
.##....#.#.#.........####...##
...........##. ##..#


You could see a howler monkey and 2 gnolls.

Vanquished Creatures
  A steam dragon (D:6)
  An ogre (D:4)
  A bullfrog (D:6)
  A gnoll sergeant (D:5)
  A scorpion (D:5)
  3 wights (D:4)
  2 centaur zombies (D:4)
  A jelly (D:4)
  2 orc priests
  A gnoll shaman (D:6)
  Crazy Yiuf (D:2)
  2 hounds
  2 iguanas
  Terence (D:3)
  2 scorpion zombies (D:4)
  Jessica (D:2)
  Ijyb (D:3)
  3 hound zombies (D:4)
  10 gnolls
  A howler monkey skeleton (D:6)
  5 adders
  An ufetubus (D:6)
  4 adder zombies (D:4)
  A worm (D:2)
  2 dart slugs
  10 orcs
  3 ball pythons
  3 bats
  5 endoplasms
  3 giant cockroaches
  7 hobgoblins
  7 jackals
  8 kobolds
  8 quokkas
  4 frilled lizards
  8 goblins
  A jackal skeleton (D:4)
  5 rats
123 creatures vanquished.

Vanquished Creatures (collateral kills)
  Natasha (D:3)
1 creature vanquished.

Grand Total: 124 creatures vanquished

Notes
Turn   | Place    | Note
-------+----------+-------------------------------------------
     0 | D:1      | Gabide the Mummy Berserker began the quest for the Orb.
     0 | D:1      | Reached XP level 1. HP: 18/18 MP: 1/1
   423 | D:1      | Reached XP level 2. HP: 13/24 MP: 2/2
  1434 | D:2      | Found a runed translucent door.
  1435 | D:2      | Noticed Crazy Yiuf
  1804 | D:2      | Found an ancient bone altar of Kikubaaqudgha.
  1832 | D:2      | Found a faded altar of an unknown god.
  1876 | D:1      | Reached XP level 3. HP: 18/29 MP: 3/3
  3001 | D:2      | Reached XP level 4. HP: 20/37 MP: 4/4
  3288 | D:2      | Noticed Sigmund
  3374 | D:3      | Reached skill level 4 in Fighting
  3644 | D:3      | Noticed Terence
  3674 | D:3      | Killed Terence
  3903 | D:3      | Noticed Ijyb
  3918 | D:3      | Killed Ijyb
  3919 | D:3      | Reached XP level 5. HP: 21/43 MP: 5/5
  4354 | D:3      | Noticed Natasha
  4373 | D:3      | Killed Natasha
  4373 | D:3      | Reached ** piety under Trog
  4943 | D:2      | Noticed Jessica
  4945 | D:2      | Killed Jessica
  4994 | D:2      | Noticed Sigmund
  4994 | D:2      | Sigmund changed into Sigmund the endoplasm
  5001 | D:2      | Killed Sigmund the endoplasm
  5576 | D:2      | Killed Crazy Yiuf
  5903 | D:4      | Reached XP level 6. HP: 46/50 MP: 6/6
  6262 | D:4      | Reached skill level 5 in Fighting
  6783 | D:4      | Reached XP level 7. HP: 42/56 MP: 7/7
  7605 | D:4      | Reached *** piety under Trog
  7782 | D:5      | Entered Level 5 of the Dungeon
  7849 | D:5      | Reached skill level 6 in Fighting
  7849 | D:5      | Reached skill level 5 in Unarmed Combat
  8520 | D:5      | Found a bloodstained altar of Trog.
  8736 | D:6      | Reached XP level 8. HP: 51/65 MP: 8/8
  9188 | D:6      | Reached skill level 7 in Fighting
  9338 | D:6      | Slain by a gnoll

Illustrated notes

Levels and vault maps discovered:
D:1:      dpeg_arrival_leaves_temple_mockup, layout_basic
D:2:      layout_loops_ring, basic_altar, dreamdust_ecumenical_altar_statues,
          hangedman_decor_push, minivault_4, minmay_tromino_v2, uniq_sigmund,
          uniq_crazy_yiuf_cottage, uniq_jessica
D:3:      layout_loops_ring, uniq_natasha, uniq_terence, uniq_ijyb
D:4:      layout_loops_corners, serial_undead, serial_undead_b, serial_undead_f,
          serial_undead_d, serial_undead_e, serial_undead_f, serial_undead_a,
          serial_undead_e, serial_undead_c, kennysheep_nondescript
D:5:      layout_cave_pools, kennysheep_mini, fountainhead
D:6:      layout_loops_corners, serial_shops, nicolae_shop_overgrown_old_shop,
          serial_glass, glass_columns_a, glass_columns_a, feat_on_display,
          uniq_blork_the_orc, uniq_menkaure

Skill      XL: |  1  2  3  4  5  6  7  8 |
---------------+-------------------------+-----
Dodging        | 2 3 |  3.9
Unarmed Combat | 3 4 5 |  5.9
Fighting       | 4 5 6 7 |  7.1
Armour         | |  1.5

Action                   |  1- 3 |  4- 6 |  7- 9 || total
-------------------------+-------+-------+-------++-------
Melee: Unarmed           |   130 |   256 |   235 ||   621
       Punch             |     4 |    12 |     3 ||    19
Throw: Stone             |    73 |    30 |     9 ||   112
       Dart              |       |     3 |     8 ||    11
Invok: Trog's Hand       |       |       |     3 ||     3
Evoke: Wand              |       |    11 |    26 ||    37
  Use: Scroll            |       |     7 |     5 ||    12
Armor: Leather armour    |    23 |    54 |     2 ||    79
       Animal skin       |     2 |       |       ||     2
       Ring mail         |       |       |    62 ||    62
Dodge: Dodged            |    79 |   128 |   162 ||   369
